 Dungeon Crawl Stone Soup version 0.28-a0-1524-ge72afd5fc6 (webtiles) character file.

Game seed: 4160435411337368924

498 Zonian the Ducker (level 7, 0/45 HPs)
             Began as a Djinni Ice Elementalist on Jan 17, 2022.
             Slain by a necrophage (5 damage)
             ... on level 5 of the Dungeon on Jan 18, 2022.
             The game lasted 00:11:39 (9957 turns).

Zonian the Ducker (Djinni Ice Elementalist)         Turns: 9957, Time: 00:11:40

Health: 0/45       AC:  8    Str:  7    XL:     7   Next: 39%
Gold:   187        EV: 13    Int: 19    God:
                   SH:  0    Dex: 13

rFire   + + .      SeeInvis .   o - +0 short sword (holy)
rCold   x . .      Faith    .   (no shield)
rNeg    . . .      Spirit   .   a - +0 robe
rPois   ∞          Reflect  .   (no helmet)
rElec   .          Harm     .   (no cloak)
rCorr   .          Rampage  .   (no gloves)
Will    .....                   (boots unavailable)
Stlth   +++.......              (no amulet)
HPRegen 0.15/turn               (no ring)
MPRegen 0.00/turn               (no ring)

@: ice-armoured, flying, very slightly contaminated, studying Stealth
A: sickness immunity, fire resistance 2, cold vulnerability 1, float, innate
caster, hp casting, extra vitality 1
a: no special abilities


You were on level 5 of the Dungeon.
You visited 2 branches of the dungeon, and saw 6 of its levels.

You collected 187 gold pieces.

Inventory:

Hand Weapons
 d - a +3 dagger of freezing
 g - a +0 dagger of venom
 l - a +0 falchion
 m - a +2 short sword of venom
 n - a +0 hand crossbow
 o - a +0 short sword of holy wrath (weapon)
Missiles
 h - 24 sling bullets
 p - 7 poisoned darts
 q - 14 bolts
Armour
 a - a +0 robe (worn)
Magical Staves
 c - a staff of death
 f - a staff of air
Potions
 b - 3 potions of attraction
 e - a potion of flight
 j - a potion of heal wounds {unknown}
 k - a potion of cancellation {unknown}


   Skills:
 + Level 2.1 Short Blades
 + Level 4.7 Dodging
 + Level 4.4 Stealth
 + Level 4.4 Spellcasting


You couldn't memorise any spells.
You knew the following spells:

 Your Spells              Type           Power      Damage    Failure   Level
a - Freeze                Ice            84%        1d10      2%          1
b - Frozen Ramparts       Ice            42%        1d6       6%          3
c - Ozocubu's Armour      Ice            21%        N/A       6%          3
d - Hailstorm             Conj/Ice       21%        3d6       22%         4
e - Pain                  Necr           84%        1d8       2%          1
f - Static Discharge      Conj/Air       21%        N/A       3%          2
g - Summon Guardian Gole  Hex/Summ       21%        N/A       6%          3
Your spell library was empty.

Dungeon Overview and Level Annotations

Branches:
Dungeon (5/15)             Temple (1/1) D:4

Altars:
Cheibriados
Dithmenos
Elyvilon
Fedhas
Hepliaklqana
Nemelex Xobeh
Qazlal
Sif Muna
Trog
Uskayaw
Vehumet
Wu Jian
Xom
Zin
The Shining One


Innate Abilities, Weirdness & Mutations

You are immune to sickness and miasma.
You are immune to poison.
Your flesh is very heat resistant. (rF++)
You are vulnerable to cold. (rC-)
You float through the air rather than walking.
You learn spells naturally, not from books.
Your magical power is your life essence.
You have superior vitality. (+4 MHP)


Message History

Unknown command.
Casting: Frozen Ramparts (dangerous; 6% risk of failure)
Confirm with . or Enter, or press ? or * to list all spells.
Casting: Frozen Ramparts (dangerous; 6% risk of failure)
Press: ? - help, Dir - look around, f - activate You miscast Frozen Ramparts.
You are very lightly contaminated with residual magic.
Nothing appears to happen.
The scorpion stings you.
* * * LOW HITPOINT WARNING * * *
The necrophage barely misses you.
Casting: Frozen Ramparts (dangerous; 6% risk of failure)
Confirm with . or Enter, or press ? or * to list all spells.
A film of ice covers your body!
* * * LOW HITPOINT WARNING * * *
The scorpion stings you but does no damage.
The necrophage hits you.
* * * LOW HITPOINT WARNING * * *
The scorpion stings you.
* * * LOW HITPOINT WARNING * * *
It was a potion of flight.
You feel more buoyant. The necrophage hits you.
* * * LOW HITPOINT WARNING * * *
The scorpion stings you but does no damage.
You aren't carrying any scrolls.
Unknown command.
It was a potion of curing.
You feel better.
The necrophage hits you but does no damage.
The scorpion misses you.
You hit the necrophage.
The necrophage convulses.
The necrophage is almost destroyed.
The scorpion barely misses you. The necrophage hits you.
* * * LOW HITPOINT WARNING * * *
Unknown command.
You hit the necrophage.
The necrophage convulses.
The necrophage is almost destroyed.
The scorpion stings you.
* * * LOW HITPOINT WARNING * * *
The necrophage hits you.
You die...

.... #... ...# ###..#
....# . ##...# ##..
#.sn### #...# ##..@#.#
... #..###......#.# ....
##..##...##...#
....###....††###....#..
.............###.......
....[........##...?.....
...>........†##.........
........................
#......<))..............


You could see a necrophage and a scorpion.

Vanquished Creatures
  A phantom (D:4)
  A scorpion (D:4)
  2 hounds
  An orc priest (D:2)
  A centaur skeleton (D:4)
  An iguana (D:2)
  An orc wizard (D:2)
  A howler monkey skeleton (D:4)
  6 adders
  3 worms
  4 dart slugs
  8 orcs
  5 bats
  5 endoplasms
  3 giant cockroaches
  9 goblins
  12 hobgoblins
  7 jackals
  3 quokkas
  9 ball pythons
  2 frilled lizards
  11 kobolds
  10 rats
106 creatures vanquished.

Notes
Turn   | Place    | Note
-------+----------+-------------------------------------------
     0 | D:1      | Zonian the Djinni Ice Elementalist began the quest for the
                  | Orb.
     0 | D:1      | Reached XP level 1. HP: 15/15 MP: 0/0
   624 | D:1      | Reached XP level 2. HP: 12/21 MP: 0/0
  1223 | D:1      | Reached XP level 3. HP: 25/25 MP: 0/0
  1223 | D:1      | Learned a level 1 spell: Pain
  2583 | D:2      | Reached XP level 4. HP: 8/31 MP: 0/0
  3980 | D:2      | Reached XP level 5. HP: 35/35 MP: 0/0
  3980 | D:2      | Learned a level 2 spell: Static Discharge
  5810 | D:3      | Reached XP level 6. HP: 32/40 MP: 0/0
  6036 | D:3      | Identified a scroll of acquirement
  6036 | D:3      | Acquired a manual of Stealth
  6636 | D:3      | Reached skill level 1 in Short Blades
  7879 | D:4      | HP: 2/40 [/static electricity (1)]
  8351 | D:4      | Reached XP level 7. HP: 31/45 MP: 0/0
  8351 | D:4      | Learned a level 3 spell: Summon Guardian Golem
  8971 | D:4      | Found a glowing silver altar of Zin.
  9224 | D:4      | Found a staircase to the Ecumenical Temple.
  9238 | Temple   | Entered the Ecumenical Temple
  9800 | D:5      | Entered Level 5 of the Dungeon
  9954 | D:5      | HP: 1/45 [necrophage (5)]
  9957 | D:5      | Slain by a necrophage

Illustrated notes

Levels and vault maps discovered:
D:1:      heliophobic_arrival_battle_scene, layout_loops_ring
D:2:      layout_loops_cross, grunt_ministairs_15, minmay_crystal_room
D:3:      layout_basic, chequers_hall_statues_corner_a
D:4:      layout_basic, lemuel_doored_altar, minmay_temple_entry_poolview,
          minmay_crossroads
D:5:      layout_cave_pools, uniq_eustachio
Temple:   minmay_temple_curvy_branch

Skill      XL: |  1  2  3  4  5  6  7 |
---------------+----------------------+-----
Stealth        | 2 3 4 |  4.4
Dodging        | 3 4 |  4.7
Spellcasting   | 4 |  4.4
Short Blades   | 1 2 |  2.1

Action                   |  1- 3 |  4- 6 |  7- 9 || total
-------------------------+-------+-------+-------++-------
Melee: Unarmed           |     1 |       |       ||     1
       Dagger            |    65 |    67 |       ||   132
       Punch             |       |     3 |       ||     3
       Short sword       |       |   106 |    62 ||   168
 Cast: Freeze            |    27 |    22 |       ||    49
       Static Discharge  |       |     3 |       ||     3
       Frozen Ramparts   |       |       |     2 ||     2
       Ozocubu's Armour  |       |       |     1 ||     1
  Use: Potion            |     1 |       |     2 ||     3
       Scroll            |     1 |     5 |     2 ||     8
 Stab: Sleeping          |     2 |     9 |     1 ||    12
       Distracted        |       |     1 |       ||     1
Armor: Robe              |    20 |    18 |    12 ||    50
Dodge: Dodged            |    42 |   132 |    44 ||   218

Table legend: (Time is in decaauts)
 A = Elapsed time spent in this place.
 B = Non-inter-level travel time spent in this place.
 C = Inter-level travel time spent in this place.
 D = Time resting spent in this place.
 E = Time spent auto-exploring this place.
 F = Levels seen in this place.
 G = Mean time per level.
                   A        B        C        D        E       F      G
               +--------+--------+--------+--------+--------+-----+--------+
         Total |   9963 |   9824 |    139 |   5302 |   3456 |   6 | 1660.5 |
       Dungeon |   9669 |   9530 |    139 |   5302 |   3166 |   5 | 1933.8 |
        Temple |    294 |    294 |      0 |      0 |    290 |   1 |  294.0 |
               +--------+--------+--------+--------+--------+-----+--------+

Top non-repeatable levels by time:
     D:2: 2843 daAuts
     D:1: 2784 daAuts
     D:4: 2029 daAuts
     D:3: 1855 daAuts
  Temple: 294 daAuts
     D:5: 156 daAuts
